 Dungeon Crawl Stone Soup version 0.30-a0-782-ge64f9170bb (webtiles) character file.

Game seed: 16945177937545152196

14425 Flugkiller the Fighter (level 12, -16/91 HPs)
             Began as an Octopode Wanderer on Feb 28, 2023.
             Was a Follower of Uskayaw.
             Demolished by a death yak (27 damage)
             ... on level 10 of the Dungeon.
             The game lasted 00:15:51 (9480 turns).

Flugkiller the Fighter (Octopode Wanderer)          Turns: 9480, Time: 00:15:52

Health: -16/91     AC:  3    Str: 13    XL:     12   Next: 16%
Magic:  19/19      EV: 18    Int: 24    God:    Uskayaw [*.....]
Gold:   940        SH:  0    Dex: 17    Spells: 14/14 levels left

rFire   + + +      SeeInvis +    b - +7 shortbow "Umuwiaj" {freeze, rF+ Stlth+}
rCold   . . .      Faith    .    (shield currently unavailable)
rNeg    + . .      Spirit   .    c - +2 hat
rPois   .          Reflect  .    H - amulet of regeneration
rElec   .          Harm     .    v - ring of resist corrosion
rCorr   +          Rampage  .    p - ring of protection from fire
Will    .....                    f - ring of protection from fire
Stlth   ++++                     y - ring of positive energy
HPRegen 1.15/turn                B - +6 ring of intelligence
MPRegen 0.16/turn                I - ring of the Three Portals {Int+6 SInv}
                                 (no ring)
                                 (no ring)

@: about to teleport, hasted, studying Ranged Weapons, very quick
A: almost no armour, amphibious, 8 rings, camouflage 1, gelatinous body 1,
(nimble swimmer 1), tentacles
a: Renounce Religion, Stomp


You were on level 10 of the Dungeon.
You worshipped Uskayaw.
Uskayaw was aware of your devotion.
You visited 1 branch of the dungeon, and saw 10 of its levels.
You also visited: Sewer.

You collected 940 gold pieces.

Inventory:

Hand Weapons
 a - the +9 morningstar of Execution {venom, Fly SInv}
   (You found it on level 4 of the Dungeon)

   SInv:      It lets you see invisible.
   Fly:       It grants you flight.
 b - the +7 shortbow "Umuwiaj" (weapon) {freeze, rF+ Stlth+}
   (You took it off a wight on level 7 of the Dungeon)

   rF:        It protects you from fire.
   Stlth:     It makes you more stealthy.
 n - a +0 war axe
   (You found it on level 3 of the Dungeon)
Missiles
 L - 2 throwing nets
Armour
 c - a +2 hat (worn)
Jewellery
 e - a ring of flight
   (You found it on level 1 of the Dungeon)
 f - a ring of protection from fire (on tentacle)
   (You found it on level 5 of the Dungeon)
 p - a ring of protection from fire (right tentacle)
   (You took it off an orc warrior on level 5 of the Dungeon)
 v - a ring of resist corrosion (left tentacle)
   (You found it on level 4 of the Dungeon)
 y - a ring of positive energy (on tentacle)
   (You found it on level 5 of the Dungeon)
 B - a +6 ring of intelligence (on tentacle)
   (You found it on level 6 of the Dungeon)
 H - an amulet of regeneration (around mantle)
   (You found it on level 2 of the Dungeon)
 I - the ring of the Three Portals (on tentacle) {Int+6 SInv}
   (You took it off a wight on level 7 of the Dungeon)

   [ring of intelligence]

   Int:       It affects your intelligence (+6).
   SInv:      It lets you see invisible.
Wands
 w - a wand of polymorph (8)
   (You found it on level 8 of the Dungeon)
 C - a wand of paralysis (8)
   (You found it on level 6 of the Dungeon)
 F - a wand of mindburst (18)
   (You found it on level 5 of the Dungeon)
 K - a wand of roots (8)
   (You took it off an orc warrior on level 7 of the Dungeon)
Scrolls
 g - 2 scrolls of magic mapping
 i - 2 scrolls of immolation
 j - 2 scrolls of fog
 k - 3 scrolls of poison
 m - 3 scrolls of vulnerability
 s - 2 scrolls of enchant weapon
 t - 2 scrolls of teleportation
Potions
 d - a potion of degeneration {unknown}
 h - a potion of haste
 l - a potion of flight {unknown}
 o - 2 potions of brilliance
 q - 5 potions of curing
 u - 4 potions of mutation
 x - 2 potions of berserk rage
 A - a potion of resistance {unknown}
 E - a potion of magic
 G - 3 potions of attraction
 M - a potion of cancellation
Miscellaneous
 J - a tin of tremorstones (2/2)
   (You found it on level 7 of the Dungeon)


   Skills:
 - Level 12.0 Fighting
 - Level 2.0 Short Blades
 - Level 7.1(7.5) Axes
 - Level 3.2(5.6) Maces & Flails
 - Level 6.0 Ranged Weapons
 - Level 1.0 Throwing
 - Level 9.5 Dodging
 - Level 1.3 Stealth
 + Level 1.5 Spellcasting
 + Level 1.0 Transmutations
 + Level 1.0 Earth Magic
 - Level 10.0 Invocations
 - Level 6.0 Evocations


You had 14 spell levels left.
You didn't know any spells.
Your spell library contained the following spells:

 Spells                   Type           Power      Damage    Failure   Level
 Beastly Appendage        Tmut           12%        N/A       9%          1
 Wereblood                Tmut           6%         N/A       12%         2
 Foxfire                  Conj/Fire      4%         2x1d4     13%         1
 Necrotise                Necr           4%         1d4       13%         1
 Spider Form              Tmut/Pois      4%         N/A       30%         3
 Frozen Ramparts          Ice            2%         1d1       36%         3
 Hailstorm                Conj/Ice       1%         3d3       36%         3
 Summon Guardian Golem    Hex/Summ       1%         N/A       36%         3
 Tukima's Dance           Hex            1%         N/A       36%         3
 Vampiric Draining        Necr           1%         2d6       36%         3
 Ice Form                 Ice/Tmut       4%         N/A       71%         4
 Leda's Liquefaction      Hex/Erth       2%         N/A       71%         4
 Passage of Golubria      Tloc           1%         N/A       77%         4
 Summon Ice Beast         Ice/Summ       1%         N/A       77%         4
 Lee's Rapid Deconstruct  Erth           3%         3d5*      92%         5
 Yara's Violent Unravell  Hex/Tmut       2%         3d3       96%         5
 Agony                    Necr           1%         N/A       98%         5
 Fireball                 Conj/Fire      0%         3d3       98%         5
 Simulacrum               Ice/Necr       0%         N/A       100%        6
 Starburst                Conj/Fire      0%         6d3       100%        6
 Statue Form              Tmut/Erth      4%         N/A       100%        6
 Lehudib's Crystal Spear  Conj/Erth      2%         10d2      100%        8
 Animate Armour           Summ/Erth      Unusable   N/A       N/A         4

Dungeon Overview and Level Annotations

Branches:
Dungeon (10/15) Zot: 26110  Temple (0/1) D:7            Lair (0/5) D:10
  Sewer (visited)
    Orc: D:9-12

Altars:
Ashenzari
Elyvilon
Fedhas
Hepliaklqana
Kikubaaqudgha
Nemelex Xobeh
Sif Muna
Uskayaw
Vehumet
Wu Jian
The Shining One

Shops:
D:1 !   D:3 :   D:6 [

Annotations:
D:4 1 runed translucent door


Innate Abilities, Weirdness & Mutations

You cannot wear most types of armour.
You are amphibious.
You can wear up to eight rings at the same time.
Your skin changes colour to match your surroundings (Stealth+).
Your rubbery body absorbs attacks. (AC +1, EV +1)
((You are camouflaged when in or above water. (Stealth+)))
You have tentacles for arms and can constrict up to eight enemies at once.


Message History

You see here a +0 flail.
Things that are here:
a +0 kite shield; a +0 scale mail; a +0 spear
There is an open door here.
There is an open door here.
There is an open door here.
Key pressed, stopping explore.
You enter the deep water.
As you open the door, it creaks loudly!
There is an open door here.
There is a stone staircase leading up here.
There is an open door here.
There is an open door here.
You enter the deep water.
You open the door.
You see here a +0 cloak.
There is an open door here.
There is an open door here.
There is an open door here.
There is an open door here.
There is an open door here.
Items here: )) [[.
There is an open door here.
There is an open door here.
You see here a +0 spear.
Things that are here:
a +0 robe; a +0 club You see here a +0 club.
You see here a +0 giant club.
Key pressed, stopping explore.
Unknown command.
There is an open door, spattered with blood here.
An ogre comes into view. It is wielding a +0 giant spiked club.
The ogre moves out of view.
No target in view!
No target in view!
An ogre comes into view. It is wielding a +0 giant club.
There is a large open door here.
You shoot an arrow. The arrow hits the ogre!
The arrow freezes the ogre.
The ogre is severely wounded.
You shoot an arrow. The arrow hits the ogre!
The arrow freezes the ogre.
The ogre is almost dead.
You shoot an arrow. The arrow hits the ogre!
The arrow freezes the ogre.
You kill the ogre!
You shoot an arrow. The arrow hits the ogre!
The arrow freezes the ogre.
The ogre is heavily wounded.
You can now pass through a line of other dancers.
You shoot an arrow. The arrow closely misses the ogre.
The arrow hits the plant.
The plant begins to die.
The arrow freezes the plant.
The plant is lightly damaged.
You shoot an arrow. The arrow hits the ogre!
The arrow freezes the ogre.
The ogre is almost dead.
The ogre barely misses you.
You shoot an arrow. The arrow hits the ogre!
The arrow freezes the ogre.
You kill the ogre!
Your Transmutations skill increases to level 1!
Your Earth Magic skill increases to level 1!
No target in view!
A nearby plant withers and dies.
You enter the deep water.
There is a broken door here.
Things that are here:
a +0 plate armour; a +0 halberd Key pressed, stopping explore.
There is an open door here.
There is an open door here.
Done exploring.
Done exploring.
There is a large open door here.
There is an open door, spattered with blood here.
You see here a +0 giant club.
You see here a +0 club.
Things that are here:
a +0 robe; a +0 club You see here a +0 spear.
There is an open door here.
Things that are here:
3 poisoned darts; a +0 whip
Things that are here:
a +0 robe; a +0 dagger
There is an open door here.
There is an open door, spattered with blood here.
There is a stone staircase leading down here.
You climb downwards.
The death yak gores you!! The death yak gores you!
There is a stone staircase leading up, spattered with blood here.
Unknown command.
As you read the scroll of teleportation, it crumbles to dust.
You feel strangely unstable. The death yak gores you!! x2
* * * LOW HITPOINT WARNING * * *
Unknown command.
Okay, then.
Okay, then.
Okay, then.
Okay, then.
Okay, then.
Okay, then.
Unknown command.
You feel yourself speed up. The death yak closely misses you.
The death yak gores you!!
You die...

........#..
###(..#.>....
............
#..........#
#...........
.........$.
#YY....#
#.@../.#
#.Y....#
#......#
#.$....#
+......#
#......+
#......#
#......#


You could see 3 death yaks.

Vanquished Creatures
  2 two-headed ogres (D:7)
  A boulder beetle (D:7)
  2 death yaks (D:9)
  3 cyclopes
  The ghost of P0068685 the Skirmisher, a novice GnHu (D:4)
  An unseen horror (D:7)
  2 kobold demonologists (D:9)
  A komodo dragon (D:7)
  2 trolls (D:7)
  2 hornets (D:8)
  A shadow (D:7)
  A vampire (D:7)
  2 wraiths (D:7)
  6 yaks (D:5)
  2 steam dragons
  A vampire mosquito (D:7)
  3 water moccasins
  2 ice beasts
  7 orc warriors
  A black bear (D:5)
  10 ogres
  5 centaurs
  6 kobold brigands
  2 gnoll sergeants
  2 bullfrogs
  A necrophage (D:7)
  8 scorpions
  15 wights
  4 electric eels (D:9)
  2 howler monkeys
  5 hounds
  2 jellies
  2 gnoll boudas (D:9)
  10 orc priests
  4 iguanas
  13 orc wizards
  21 gnolls
  15 adders
  A shadow imp (D:5)
  4 white imps
  An ufetubus (D:6)
  2 worms
  3 dart slugs
  40 orcs
  9 bats
  8 endoplasms
  8 giant cockroaches
  3 hobgoblins
  8 jackals
  5 quokkas
  9 ball pythons
  2 frilled lizards (D:1)
  8 goblins
  23 kobolds
  5 rats
309 creatures vanquished.

Vanquished Creatures (others)
  An orc (D:9)
  10 fungi (D:9)
  15 plants (D:9)
26 creatures vanquished.

Grand Total: 335 creatures vanquished

Notes
Turn   | Place    | Note
-------+----------+-------------------------------------------
     0 | D:1      | Flugkiller the Octopode Wanderer began the quest for the
                  | Orb.
     0 | D:1      | Flugkiller set off with the following items: a +2 hand axe,
                  | a +0 short sword, a +0 hat, a scroll of fear.
     0 | D:1      | Reached XP level 1. HP: 13/13 MP: 2/2
   149 | D:1      | Reached skill level 2 in Fighting
   149 | D:1      | Reached XP level 2. HP: 19/19 MP: 3/3
   314 | D:1      | Found Taid Heb's Distillery.
   761 | D:2      | Found a hide-covered altar of Uskayaw.
   780 | D:2      | Became a worshipper of Uskayaw the Reveller
   797 | D:2      | Reached XP level 3. HP: 21/25 MP: 4/4
   858 | D:2      | Reached * piety under Uskayaw
   865 | D:2      | Reached skill level 3 in Fighting
  1354 | D:2      | Reached ** piety under Uskayaw
  1355 | D:2      | Reached XP level 4. HP: 30/33 MP: 5/5
  1539 | D:2      | Reached skill level 4 in Fighting
  2004 | D:3      | Found a faded altar of an unknown god.
  2199 | D:3      | Reached skill level 12 in Fighting
  2199 | D:3      | Reached XP level 5. HP: 51/51 MP: 6/6
  2200 | D:3      | Reached XP level 6. HP: 57/57 MP: 7/7
  2256 | D:3      | Found Qeodab's Book Emporium.
  2437 | D:3      | Found a white marble altar of Elyvilon.
  2601 | D:4      | Found a runed translucent door.
  2603 | D:4      | Noticed P0068685's ghost (novice GnHu)
  2621 | D:4      | Reached *** piety under Uskayaw
  2628 | D:4      | Reached **** piety under Uskayaw
  2731 | D:4      | Reached XP level 7. HP: 63/63 MP: 8/8
  2772 | D:4      | Found a runed translucent door.
  2864 | D:4      | HP: 2/63 [ogre/+0 giant club (34)]
  2979 | D:4      | Identified the +9 morningstar of Execution {venom, Fly
                  | SInv}
  3042 | D:4      | Reached skill level 1 in Maces & Flails
  3076 | D:4      | Reached XP level 8. HP: 68/68 MP: 9/9
  3130 | D:4      | Found a glowing drain.
  3142 | Sewer    | Entered a sewer
  3306 | D:4      | Killed P0068685's ghost
  3611 | D:5      | Entered Level 5 of the Dungeon
  3815 | D:5      | Reached skill level 1 in Invocations
  3824 | D:5      | Noticed a yak
  3832 | D:5      | Reached skill level 1 in Evocations
  3832 | D:5      | Reached XP level 9. HP: 73/73 MP: 10/10
  3836 | D:5      | Reached ***** piety under Uskayaw
  3863 | D:5      | Reached ****** piety under Uskayaw
  3910 | D:5      | Got Tuava's Quarto of Percussion and Attendants
  4306 | D:5      | Reached skill level 5 in Axes
  4324 | D:5      | Reached XP level 10. HP: 79/80 MP: 12/12
  4658 | D:6      | Found Delar's Armour Shoppe.
  4817 | D:6      | Found a shimmering blue altar of Sif Muna.
  4817 | D:6      | Found a broken altar of Ashenzari.
  4817 | D:6      | Found a hazy altar of Hepliaklqana.
  4817 | D:6      | Found an ornate altar of the Wu Jian Council.
  4818 | D:6      | Found a radiant altar of Vehumet.
  4818 | D:6      | Found a hide-covered altar of Uskayaw.
  4820 | D:6      | Found a blossoming altar of Fedhas.
  4820 | D:6      | Found a glowing golden altar of the Shining One.
  4820 | D:6      | Found a sparkling altar of Nemelex Xobeh.
  5204 | D:7      | Got the Almanac of Dusty Obstruction
  5378 | D:7      | Noticed a two-headed ogre
  5381 | D:7      | Noticed a two-headed ogre
  5381 | D:7      | Noticed a cyclops
  5394 | D:7      | Killed a two-headed ogre
  5395 | D:7      | Reached skill level 5 in Invocations
  5395 | D:7      | Reached skill level 5 in Evocations
  5524 | D:7      | Noticed a cyclops
  5579 | D:7      | Reached XP level 11. HP: 85/85 MP: 15/15
  5586 | D:7      | Killed a cyclops
  5603 | D:7      | Identified the +7 shortbow "Umuwiaj" {freeze, rF+ Stlth+}
  5603 | D:7      | Identified the ring of the Three Portals {Int+6 SInv}
  5695 | D:7      | Killed a cyclops
  5774 | D:7      | Found a staircase to the Ecumenical Temple.
  5811 | D:7      | Killed a two-headed ogre
  5889 | D:7      | Noticed a boulder beetle
  5897 | D:7      | Killed a boulder beetle
  6356 | D:8      | Found an ancient bone altar of Kikubaaqudgha.
  6370 | D:8      | Reached skill level 1 in Ranged Weapons
  6378 | D:8      | Paralysed by a hornet for 1 turns
  6431 | D:8      | Noticed a cyclops
  6443 | D:8      | Killed a cyclops
  7617 | D:9      | Reached skill level 5 in Ranged Weapons
  8440 | D:9      | Reached XP level 12. HP: 84/91 MP: 18/18
  8599 | D:10     | Entered Level 10 of the Dungeon
  8599 | D:10     | Noticed a death yak
  8599 | D:10     | Noticed a death yak
  8599 | D:10     | Noticed a death yak
  8599 | D:10     | Found a staircase to the Lair.
  8602 | D:10     | Noticed a death yak
  8602 | D:10     | Noticed a death yak
  8649 | D:9      | Killed a death yak
  8677 | D:9      | Killed a death yak
  8678 | D:9      | Reached skill level 10 in Invocations
  9271 | D:9      | Reached skill level 1 in Transmutations
  9271 | D:9      | Reached skill level 1 in Earth Magic
  9480 | D:10     | Demolished by a death yak

Illustrated notes

Levels and vault maps discovered:
D:1:      zelgadis_glass_arrival_small, layout_basic, serial_shops,
          nicolae_shop_crystal, nicolae_kite_square_tiling_tiny,
          reono_crystal_passage, kennysheep_crisscross
D:2:      minmay_evil_eye, layout_basic, basic_altar, minmay_small_reverse_x
D:3:      layout_basic, mainiacjoe_overflow_paths, serial_shops, shop,
          ebering_ecumenical_altar_box, kennysheep_generic_room_7
D:4:      minmay_general_purpose_star, layout_loops_cross,
          ebering_ghost_sewer_f, gup_sewer_entry_glass, minmay_misc_feat_tiny
D:5:      cheibrodos_fzero, layout_basic
D:6:      layout_basic, nicolae_overflows_in_rows, serial_shops, shop,
          kennysheep_generic_room_14
D:7:      minmay_the_grid_octo_triangle [minmay_the_grid_octo_chip,
          minmay_the_grid_octo_prize_big_c, minmay_the_grid_octo_teeth],
          layout_rooms, lemuel_temple_firewalk_b
D:8:      layout_gridville, nicolae_overflow_crystal_walls,
          grunt_decor_resistance
D:9:      kennysheep_seaside_town, layout_gridville, minmay_door_square,
          minmay_crystal_water, water_boxes_lemuel
D:10:     layout_roguey, dpeg_lair_monsters, david_orc_3, serial_shops, shop

Skill      XL: |  1  2  3  4  5  6  7  8  9 10 11 12 |
---------------+-------------------------------------+-----
Fighting       | 2 3 12 | 12.0
Dodging        | 9 |  9.5
Axes           | 3 5 6 7 |  7.1
Maces & Flails | 1 3 |  3.2
Invocations    | 1 3 5 9 10 | 10.0
Evocations     | 1 3 5 6 |  6.0
Ranged Weapons | 6 |  6.0
Transmutations | 1 |  1.0
Earth Magic    | 1 |  1.0
Short Blades   | |  2.0
Throwing       | |  1.0
Stealth        | |  1.3
Spellcasting   | |  1.5

Action                     |  1- 3 |  4- 6 |  7- 9 | 10-12 || total
---------------------------+-------+-------+-------+-------++-------
  Melee: Hand axe          |    66 |    71 |    37 |       ||   174
         Constrict         |    13 |    18 |    34 |    55 ||   120
         Tentacles         |     9 |    12 |    36 |    61 ||   118
         Punch             |       |     1 |       |     9 ||    10
         Morningstar       |       |       |   143 |   263 ||   406
   Fire: Shortbow          |       |       |       |   130 ||   130
  Evoke: Wand              |       |       |       |    10 ||    10
    Use: Scroll            |       |     9 |     5 |     8 ||    22
         Potion            |       |     3 |     5 |     3 ||    11
   Stab: Sleeping          |     8 |     9 |     4 |     6 ||    27
         Paralysed         |       |     2 |    12 |    16 ||    30
 Armour: Skin              |     5 |     8 |    13 |    31 ||    57
  Dodge: Dodged            |    41 |    56 |   189 |   267 ||   553

Table legend: (Time is in decaauts)
 A = Elapsed time spent in this place.
 B = Non-inter-level travel time spent in this place.
 C = Inter-level travel time spent in this place.
 D = Time resting spent in this place.
 E = Time spent auto-exploring this place.
 F = Levels seen in this place.
 G = Mean time per level.
                   A        B        C        D        E       F      G
               +--------+--------+--------+--------+--------+-----+--------+
         Total |   9651 |   9075 |    576 |    795 |   5581 |  11 |  877.4 |
       Dungeon |   9571 |   8995 |    576 |    795 |   5534 |  10 |  957.1 |
         Sewer |     80 |     80 |      0 |      0 |     47 |   1 |   80.0 |
               +--------+--------+--------+--------+--------+-----+--------+

Top non-repeatable levels by time:
     D:9: 2444 daAuts
     D:2: 1182 daAuts
     D:7: 1050 daAuts
     D:4: 919 daAuts
     D:5: 887 daAuts
     D:8: 825 daAuts
     D:6: 792 daAuts
     D:1: 768 daAuts
     D:3: 691 daAuts
   Sewer: 80 daAuts
    D:10: 8 daAuts
